Map: Frozen Temple

Players

Polt

  • Race: Terran Terran

Nerchio - Winner!

  • Race: Zerg Zerg

Event: DreamHack Open Tours WCS Spring Championship

VOD

https://www.youtube.com/watch?v=5ZCJp9zmY9g

Description

Time

  • Played on: May 16, 2016, 5:42 a.m.
  • Length: 15:58

All games in this series

Show
View Real Time Build Order
Export as new Build Order

Polt Terran 

Build Orders: Hellion Opening, Reaper Expand, Bio Tank 

Get SALT Encoding   

  12  0:00  SCV  
  13  0:13  SCV  
  14  0:17  Supply Depot  
  14  0:25  SCV  
  15  0:29  Refinery  
  15  0:39  SCV  
  16  0:44  Barracks  
  16  0:51  SCV  
  17  1:03  SCV  
  18  1:15  SCV  
  19  1:31  Orbital Command, Reaper  
  20  1:41  Command Center  
  20  1:55  Supply Depot  
  20  1:56  SCV  
  21  2:03  Barracks Reactor  
  21  2:08  SCV  
  21  2:12  Factory  
  22  2:20  SCV  
  23  2:32  SCV  
  24  2:39  Bunker  
  24  2:44  SCV  
  24  2:45  Marine x2  
  27  2:54  Orbital Command  
  27  2:57  SCV  
  28  2:59  Factory  
  28  3:08  Hellion x2  
  28  3:09  SCV  
  28  3:12  Supply Depot  
  33  3:17  Barracks Reactor  
  33  3:20  SCV  
  33  3:21  SCV  
  35  3:29  Hellion x2  
  39  3:35  SCV x2  
  39  3:36  Supply Depot  
  41  3:45  Armory  
  41  3:47  SCV x2  
  43  3:52  Hellion x2  
  47  3:59  SCV x2  
  47  4:00  Hellion x2  
  53  4:10  Supply Depot x2, Barracks Tech Lab  
  53  4:11  SCV  
  53  4:15  Hellion x2  
  59  4:21  Hellion x2  
  62  4:30  Stimpack  
  62  4:31  Marine  
  62  4:39  Hellion x2, Supply Depot  
  62  4:43  Hellion x2  
  62  4:45  SCV x2  
  72  4:47  Refinery  
  72  4:54  Refinery x2  
  72  5:06  Marine  
  73  5:09  SCV  
  73  5:10  SCV  
  73  5:11  Factory Tech Lab  
  73  5:14  Factory Reactor  
  73  5:21  SCV  
  73  5:22  SCV  
  75  5:31  Barracks  
  75  5:32  Barracks  
  75  5:33  Siege Tank  
  75  5:34  SCV x2, Command Center  
  75  5:35  Hellion x6, Barracks  
  76  5:46  SCV x2  
  68  5:56  Starport  
  62  5:58  SCV x2  
  62  6:00  Factory Reactor  
  60  6:07  Siege Tank  
  60  6:10  SCV x2  
  65  6:14  Engineering Bay x2  
  65  6:16  Supply Depot  
  65  6:22  SCV x2, Marine x4, Barracks  
  71  6:31  Barracks Reactor  
  71  6:32  Combat Shields  
  71  6:44  Medivac  
  73  6:47  Orbital Command  
  73  6:50  Factory Tech Lab  
  73  6:52  Marine x5  
  73  6:54  Siege Tank  
  81  6:56  Terran Infantry Armor Level 1, Terran Infantry Weapons Level 1  
  81  6:57  SCV  
  81  6:58  SCV  
  83  7:04  Medivac  
  83  7:05  Orbital Command  
  85  7:11  SCV x2  
  85  7:14  Medivac, Marine x5  
  94  7:16  Marine  
  94  7:17  Supply Depot x2  
  95  7:23  SCV x2  
  97  7:31  Armory, Siege Tank  
  97  7:36  SCV x3  
  103  7:39  Refinery  
  103  7:40  Refinery  
  103  7:48  SCV x3  
  103  7:49  Marine x9  
  103  7:51  Missile Turret  
  115  7:52  Missile Turret  
  111  8:01  Siege Tank  
  111  8:03  Siege Tank  
  117  8:06  SCV  
  117  8:07  SCV x2  
  117  8:08  Medivac x2  
  117  8:12  Supply Depot x2  
  124  8:13  Supply Depot  
  120  8:22  Marine x5  
  120  8:25  Terran Vehicle Weapons Level 1  
  125  8:33  Marine x4  
  129  8:35  Supply Depot  
  129  8:36  Supply Depot x2  
  129  8:44  Marine x2  
  129  8:45  Marine x3  
  129  8:47  Siege Tank  
  137  8:50  Siege Tank  
  137  8:51  Marine x4  
  137  8:54  Terran Infantry Weapons Level 2  
  144  9:02  Marine  
  132  9:12  Marine x8  
  134  9:20  Marine, Siege Tank  
  134  9:22  Siege Tank  
  134  9:24  Terran Infantry Armor Level 2  
  138  9:26  Medivac x2  
  138  9:30  Marine x8  
  150  9:37  Command Center  
  150  9:38  Marine  
  149  9:47  Marine x2  
  149  9:48  Marine x6  
  156  9:56  Marine  
  156  9:59  Liberator  
  85  10:00  Liberator  
  152  10:05  Marine  
  152  10:08  Marine x6  
  152  10:09  Marine  
  152  10:13  Marine  
  154  10:16  Siege Tank x2  
  162  10:23  Marine  
  159  10:35  Marine x8  
  166  10:41  Marine  
  164  10:48  Siege Tank x2  
  160  10:52  Marine x2  
  160  10:53  Marine x6  
  163  10:59  Marine  
  150  11:10  Marine x4  
  150  11:11  Marine x4  
  157  11:15  Liberator x2  
  157  11:16  Marine  
  119  11:20  Siege Tank x2  
  110  11:54  Starport  
  110  12:00  SCV x3  
  113  12:05  Liberator x2  
  113  12:20  Marine x9  
  113  12:22  Siege Tank x2  
  128  12:29  Terran Ship Weapons Level 1  
  134  12:34  Terran Infantry Weapons Level 3  
  134  12:38  Sensor Tower  
  134  12:39  Refinery  
  134  12:40  Refinery  
  133  12:50  Liberator x2  
  116  13:06  Marine x9  
  116  13:08  Starport Reactor  
  128  13:32  Liberator x2  
  128  13:37  Marine x4  
  128  13:38  Siege Tank, Marine x5, Liberator x2  
  128  13:39  Siege Tank  
  143  13:47  SCV x3  
  121  14:21  Liberator x3  
  121  14:25  Liberator  
  93  15:07  Marine x8  
  93  15:08  Marine  
Show
View Real Time Build Order
Export as new Build Order

Nerchio Zerg - Winner!

Build Orders: Hatch First 

Get SALT Encoding   

  12  0:00  Drone  
  13  0:12  Overlord  
  13  0:17  Drone  
  14  0:30  Drone x2  
  14  0:34  Drone  
  17  0:54  Hatchery  
  17  0:55  Drone  
  17  0:59  Drone  
  18  1:05  Extractor  
  17  1:15  Spawning Pool  
  17  1:17  Drone  
  17  1:21  Drone  
  18  1:28  Drone  
  19  1:38  Overlord  
  19  1:51  Drone  
  20  2:01  Queen  
  20  2:02  Zergling x2  
  20  2:05  Queen  
  20  2:06  Zergling x2  
  26  2:09  Metabolic Boost  
  26  2:12  Zergling x2  
  27  2:17  Drone  
  27  2:21  Drone  
  29  2:28  Drone  
  30  2:32  Drone  
  31  2:40  Spore Crawler  
  31  2:43  Drone x2  
  32  2:49  Hatchery  
  32  2:52  Overlord  
  32  2:55  Drone  
  33  3:00  Drone  
  33  3:03  Queen  
  36  3:11  Drone  
  36  3:12  Drone  
  38  3:16  Overlord  
  38  3:17  Drone x2  
  38  3:19  Drone  
  41  3:22  Drone  
  41  3:23  Drone  
  41  3:25  Drone  
  44  3:33  Queen  
  46  3:38  Roach Warren  
  46  3:39  Drone  
  45  3:42  Drone  
  45  3:43  Drone  
  45  3:46  Drone  
  45  3:47  Drone  
  50  3:48  Drone  
  50  3:54  Overlord  
  50  4:01  Overlord x2  
  50  4:02  Extractor  
  49  4:18  Roach x7  
  49  4:22  Spore Crawler, Drone  
  63  4:25  Drone  
  63  4:27  Drone  
  63  4:28  Drone  
  63  4:29  Drone  
  68  4:31  Drone  
  68  4:34  Drone x2  
  70  4:40  Drone  
  70  4:42  Drone  
  72  4:46  Drone  
  72  4:47  Spore Crawler, Drone  
  72  4:48  Drone x2  
  72  4:49  Drone  
  72  4:51  Drone x2  
  72  4:52  Drone  
  79  4:54  Drone  
  80  5:00  Evolution Chamber  
  80  5:01  Evolution Chamber  
  80  5:04  Lair  
  78  5:07  Drone x3  
  78  5:10  Extractor, Drone  
  78  5:12  Drone  
  82  5:17  Extractor  
  82  5:18  Overlord  
  82  5:21  Drone  
  82  5:28  Overlord x2  
  82  5:29  Evolution Chamber  
  82  5:32  Spine Crawler, Roach  
  82  5:33  Spine Crawler  
  82  5:34  Spine Crawler, Roach  
  78  5:38  Roach  
  78  5:49  Zerg Ground Armor Level 1  
  77  5:51  Zerg Melee Weapons Level 1  
  74  6:04  Glial Reconstitution  
  74  6:05  Drone  
  74  6:07  Hatchery  
  74  6:09  Drone x3  
  74  6:10  Drone x2  
  81  6:11  Drone  
  82  6:18  Overseer  
  82  6:22  Roach x2  
  82  6:23  Roach x2  
  90  6:28  Hatchery  
  90  6:29  Pneumatized Carapace  
  89  6:34  Drone  
  89  6:35  Drone  
  89  6:39  Overlord  
  91  6:43  Overlord  
  91  6:45  Drone  
  92  6:47  Overlord, Extractor  
  92  6:48  Infestation Pit  
  92  6:50  Drone x2  
  92  6:51  Overlord  
  92  6:52  Overlord  
  92  6:53  Extractor  
  91  6:55  Overlord  
  91  7:02  Drone x2  
  91  7:07  Drone  
  94  7:12  Drone  
  94  7:13  Drone x2  
  94  7:14  Drone  
  98  7:23  Queen, Drone x2  
  98  7:24  Drone x3  
  98  7:28  Infestor  
  107  7:30  Infestor x2  
  107  7:36  Hive  
  111  7:39  Overlord  
  115  7:44  Roach x3  
  115  7:45  Drone  
  115  7:50  Roach x2  
  122  7:56  Spore Crawler  
  122  7:57  Spore Crawler  
  120  7:59  Spore Crawler, Extractor  
  120  8:00  Zergling x8  
  122  8:07  Zerg Ground Armor Level 2  
  122  8:08  Zerg Melee Weapons Level 2  
  122  8:18  Zergling x12  
  128  8:20  Overlord  
  128  8:23  Drone x5  
  128  8:24  Extractor  
  128  8:26  Zergling x2  
  128  8:27  Zergling x4  
  133  8:30  Zergling x4  
  135  8:36  Overlord  
  135  8:44  Ravager x4  
  135  8:45  Ravager x3  
  135  8:46  Zergling x16  
  135  8:47  Zergling x2  
  151  8:53  Ultralisk Cavern  
  150  8:58  Spore Crawler  
  138  9:05  Zergling x20  
  138  9:06  Zergling x2  
  134  9:10  Zergling x2  
  134  9:16  Zergling x10  
  134  9:17  Zergling x6  
  137  9:20  Queen  
  137  9:21  Zergling x2  
  141  9:25  Zergling x6  
  142  9:33  Ravager x2  
  142  9:34  Ravager x2, Zergling x2  
  142  9:35  Zergling x4  
  142  9:36  Zergling x4  
  142  9:37  Zergling x4  
  153  9:43  Chitinous Plating  
  153  9:45  Ultralisk  
  159  9:53  Ultralisk  
  159  9:59  Ultralisk  
  171  10:00  Zergling x4  
  173  10:07  Zergling x2  
  173  10:08  Zergling x2  
  173  10:10  Overlord  
  173  10:11  Overlord x2  
  173  10:12  Overlord  
  175  10:15  Overlord  
  175  10:18  Overlord  
  175  10:26  Overlord  
  174  10:29  Ultralisk  
  174  10:30  Zergling x6  
  179  10:44  Zergling x2  
  179  10:45  Zergling x22  
  185  10:53  Ultralisk  
  186  11:00  Zergling x6  
  186  11:04  Zergling x8  
  186  11:07  Ultralisk  
  188  11:16  Ultralisk  
  153  11:22  Roach  
  153  11:23  Roach x6  
  155  11:28  Roach x3  
  161  11:33  Zerg Melee Weapons Level 3  
  161  11:39  Zerg Ground Armor Level 3  
  142  11:49  Roach x5  
  152  11:54  Roach x2  
  152  11:56  Roach x2  
  152  11:59  Ravager x7  
  152  12:00  Ravager  
  168  12:01  Infestor  
  168  12:05  Infestor  
  172  12:09  Adrenal Glands  
  172  12:14  Nydus Network  
  171  12:22  Spire, Zergling x8  
  174  12:29  Zergling x2  
  175  12:30  Zergling x12  
  175  12:33  Zergling x2  
  175  12:34  Zergling x2  
  183  12:39  Zergling x2  
  183  12:40  Zergling x10  
  183  12:41  Zergling x2  
  190  12:48  Zergling x10  
  190  12:49  Zergling x2  
  190  12:50  Zergling x2  
  197  12:55  Zergling x6  
  191  13:15  Spire  
  186  13:36  Hatchery  
  186  13:38  Corruptor  
  186  13:39  Corruptor x6  
  199  13:43  Zerg Flyer Armor Level 1  
  170  14:25  Zergling x26  
  170  14:26  Zergling x26  
  183  14:53  Hatchery  
  183  14:55  Ultralisk x2  
  166  15:01  Ultralisk  
  166  15:03  Hatchery  
  163  15:07  Ultralisk  
  156  15:20  Zergling x6  
  156  15:21  Zergling x14  
  164  15:26  Zergling x2  

Tags
 
Add a new tag
Caveats
  • Supply blocks, unpowered buildings, or Contaminate may cause inaccurate times.
  • Supply counts are checked every 10 seconds.